 Dungeon Crawl Stone Soup version 0.31-a0-66-ge618eeaa78 (webtiles) character file.

Game seed: 9680874846313451693

154695 Lugonue the Warrior (level 17, -1/119 HPs)
             Began as a Tengu Fighter on Sept 23, 2022.
             Was an Initiate of Gozag.
             Engulfed by Bai Suzhen's thunder (33 damage)
             ... on level 2 of the Swamp on May 22, 2023.
             The game lasted 02:28:45 (25732 turns).

Lugonue the Warrior (Tengu Fighter)                Turns: 25732, Time: 02:28:46

Health: -1/119     AC: 20    Str: 18    XL:     17   Next: 63%
Magic:  19/27      EV: 21    Int: 15    God:    Gozag
Gold:   2788       SH: 11    Dex: 11    Spells: 21/28 levels left

rFire   + . .        b - +4 scimitar (flame)
rCold   . . .        c - +1 buckler
rNeg    + + +        O - +3 scale mail {rF+}
rPois   +            B - +2 hat
rElec   .            s - +2 cloak
rCorr   .            L - +2 pair of gloves of the Trout {rN+ Regen+ Dex-3}
SInv    .            (boots unavailable)
Will    ++...        J - amulet of reflection
Stlth   +            t - ring "Cisuechi" {Will+ EV+4 Stlth+}
HPRegen 1.19/turn    g - ring "Ovyllahi" {rPois rN++}
MPRegen 0.20/turn

%: reflection
@: flying quickly and evasively, quick
A: beak, talons 3, nimble flight
a: Renounce Religion, Potion Petition, Call Merchant, Bribe Branch


You were on level 2 of the Swamp.
You worshipped Gozag.
Gozag was most pleased with you.
You visited 5 branches of the dungeon, and saw 26 of its levels.
You visited the Abyss 1 time.
You also visited: Ossuary and Gauntlet.

You collected 8857 gold pieces.
You spent 3369 gold pieces at shops.
You paid 2700 gold pieces to Gozag.

Inventory:

Hand Weapons
 a - a +4 scimitar of freezing
 b - a +4 scimitar of flaming (weapon)
Missiles
 j - 4 throwing nets (quivered)
 n - 12 javelins
Armour
 c - a +1 buckler (worn)
 s - a +2 cloak (worn)
 B - a +2 hat (worn)
 L - the +2 pair of gloves of the Trout (worn) {rN+ Regen+ Dex-3}
   (You bought it in a shop on level 9 of the Dungeon)

   Dex:       It affects your dexterity (-3).
   rN:        It protects you from negative energy.
   Regen:     It increases your rate of health regeneration.
 N - a scarf of resistance
 O - a +3 scale mail of fire resistance (worn)
Jewellery
 f - a +6 ring of strength
 g - the ring "Ovyllahi" (right hand) {rPois rN++}
   (You bought it in a shop on level 2 of the Orcish Mines)

   [ring of poison resistance]

   rPois:     It protects you from poison.
   rN:        It greatly protects you from negative energy.
 t - the ring "Cisuechi" (left hand) {Will+ EV+4 Stlth+}
   (You found it on level 4 of the Dungeon)

   [ring of evasion]

   EV:        It affects your evasion (+4).
   Will:      It increases your willpower.
   Stlth:     It makes you more stealthy.
 J - an amulet of reflection (around neck)
 Q - the ring "Jousiny" {Str+6 Int+6 SInv}
   (You bought it in a shop on level 2 of the Orcish Mines)

   [ring of strength]

   Str:       It affects your strength (+6).
   Int:       It affects your intelligence (+6).
   SInv:      It lets you see invisible.
Wands
 r - a wand of mindburst (6)
 z - a wand of charming (4)
 G - a wand of light (1)
 P - a wand of iceblast (1)
 R - a wand of digging (7)
 W - a wand of flame (6)
Scrolls
 e - a scroll of identify
 i - a scroll of immolation
 v - a scroll of blinking
 w - 7 scrolls of magic mapping
 C - a scroll of fog
 F - a scroll of teleportation
 I - a scroll of silence
 V - 2 scrolls of poison
 Z - a scroll of amnesia
Potions
 d - 2 potions of haste
 E - a potion of resistance
 K - a potion of might
 U - a potion of magic
 X - a potion of brilliance
Miscellaneous
 l - a lightning rod (2/4)


   Skills:
 + Level 17.9 Fighting
 - Level 14.0 Long Blades
 - Level 10.0 Armour
 - Level 15.2 Dodging
 - Level 8.0 Shields
 + Level 6.1 Spellcasting
 * Level 14.3 Conjurations
 + Level 1.9 Fire Magic
 + Level 5.3 Evocations


You had 21 spell levels left.
You knew the following spells:

 Your Spells              Type           Power      Damage    Failure   Level
a - Dazzling Flash        Conj/Hex       46%        N/A       10%         3
b - Sticky Flame          Conj/Fire      26%        2d5       22%         4

Your spell library contained the following spells:

 Spells                   Type           Power      Damage    Failure   Level
 Shock                    Conj/Air       92%        1d8       3%          1
 Fulminant Prism          Conj/Hex       11%        3d8       32%         4
 Iskenderun's Mystic Bla  Conj/Tloc      23%        2d6       32%         4
 Apportation              Tloc           8%         N/A       41%         1
 Sublimation of Blood     Necr           4%         N/A       56%         2
 Wereblood                Tmut           4%         N/A       56%         2
 Ensorcelled Hibernation  Hex/Ice        4%         N/A       67%         2
 Cigotuvi's Dreadful Rot  Necr/Pois/Air  2%         N/A       71%         2
 Volatile Blastmotes      Fire/Tloc      10%        2d10      77%         3
 Swiftness                Air            4%         N/A       80%         3
 Ignite Poison            Fire/Tmut/Pois 3%         N/A       85%         3
 Spider Form              Tmut/Pois      2%         N/A       88%         3
 Airstrike                Air            2%         2d(1-17)  99%         4
 Anguish                  Hex/Necr       1%         N/A       99%         4
 Dispel Undead            Necr           4%         3d7       99%         4
 Agony                    Necr           4%         N/A       100%        5
 Alistair's Intoxication  Tmut/Pois      1%         N/A       100%        5
 Lee's Rapid Deconstruct  Erth           2%         3d4*      100%        5
 Silence                  Hex/Air        1%         N/A       100%        5
 Death Channel            Necr           2%         N/A       100%        6
 Summon Hydra             Summ           2%         N/A       100%        7


Dungeon Overview and Level Annotations

Branches:
Dungeon (15/15)            Temple (0/1) D:5            Lair (5/5) D:9
  Swamp (3/4) Lair:3        Snake (1/4) Lair:3        Slime (0/5) Lair:4
    Orc (2/2) D:11            Elf (0/3) Orc:2        Depths (0/4) D:15
Ossuary (visited)         Gauntlet (visited)
 Vaults: D:13-14

Altars:
Elyvilon
Fedhas
Gozag
Hepliaklqana
Kikubaaqudgha
Makhleb
Nemelex Xobeh
Okawaru
Sif Muna
Trog
Vehumet
Xom
Zin
The Shining One
Jiyva

Shops:
D:2 **   D:9 *   Orc:2 =[*(   Lair:1 *[

Annotations:
D:12 2 transporters
D:13 3 runed translucent doors, qborf's ghost, journeyman DEFE
Swamp:2 Bai Suzhen
Swamp:3 Louise
Snake:1 Mlioglotl


Innate Abilities, Weirdness & Mutations

You have a beak for a mouth.
You have claws for feet.
Your magical nature lets you fly swiftly and evasively.


Message History

Okay, then.
Unknown command.
Press: ? - help, v - describe, . - travel, g - get item
Here: Bai Suzhen (heavily wounded, surrounded by thunder, blind, covered in liquid flames) Item here: a +1 quarterstaff of speed.
The floor.
Unknown command.
You slash Bai Suzhen! You burn Bai Suzhen. You claw Bai Suzhen.
You peck Bai Suzhen, but do no damage.
Bai Suzhen is heavily wounded.
Bai Suzhen burns!
Bai Suzhen is no longer blind.
Aiming: Bolt of Light
Press: ? - help, Shift-Dir - straight line, f/p - Bai Suzhen
Aim: Bai Suzhen (heavily wounded, surrounded by thunder, covered in liquid flames, 96% to hit)
The bolt of light hits Bai Suzhen!
Bai Suzhen is severely wounded.
Bai Suzhen is blinded.
Bai Suzhen burns!
Bai Suzhen stops burning.
You block Bai Suzhen's attack.
Bai Suzhen claws you but does no damage.
Bai Suzhen closely misses you.
You hit Bai Suzhen but do no damage. You claw Bai Suzhen!
Bai Suzhen is severely wounded.
Bai Suzhen bites you but does no damage.
Bai Suzhen barely misses you.
Bai Suzhen tramples you but does no damage.
You catch the helpless Bai Suzhen completely off-guard!
You slash Bai Suzhen! You burn Bai Suzhen.
You peck Bai Suzhen, but do no damage.
Bai Suzhen is severely wounded.
You are engulfed in a thunderstorm.
* * * LOW HITPOINT WARNING * * *
Aiming: Iceblast
Press: ? - help, Shift-Dir - straight line, f/p - Bai Suzhen
Aim: Bai Suzhen (severely wounded, surrounded by thunder, blind)
The mass of ice explodes!
The iceblast engulfs Bai Suzhen.
Bai Suzhen partially resists.
Bai Suzhen is severely wounded.
You are engulfed in a thunderstorm.
You die...
Your body crumbles into a pile of gold.

♣♣♣.~.~...♣~~...##..###...♣♣
.§..~~..~.♣~......#........♣
.~~~~~.~~.♣.~######........♣
~~§~~~~~~§.~~.....#...+..~♣♣
~§~~~§~~~~...~♣...#...#..♣♣
~~~§~..~~§.~.♣♣.....###..♣
~~~~~~~~~.♣.~§§§§.......~♣
~~~~~~~..~♣.§§D§§~.....~♣♣
.~.......♣♣..§§§@~~....♣♣
♣♣~♣~.~♣♣♣♣....~§~~~.~♣♣
♣♣♣♣♣♣♣...♣.~~~~.~~.~♣♣ ~.♣♣
♣.~...~~~~...~♣♣
~~.♣♣♣♣♣.~♣♣.~§.♣♣♣♣♣ §~..~♣
♣♣♣♣♣♣~~♣♣ ...~♣♣♣ ♣♣♣♣
.~~..~♣♣ .~.~~§~♣


You could see Bai Suzhen (clouds, blind).

Vanquished Creatures
  A tentacled monstrosity (Swamp:1)
  Jorgrun (Swamp:3)
  Gastronok (Lair:1)
  Kirke (D:15)
  A tentacled starspawn (Abyss:3)
  An orc warlord (Orc:1)
  A stone giant (Orc:2)
  4 eleionomae
  A lorocyproca (Abyss:3)
  2 bunyips
  A green draconian (Abyss:3)
  A minotaur (Gauntlet)
  3 ettins
  Fannar (D:13)
  10 hydras
  A fire dragon (D:10)
  The ghost of sanka the Destroyer, a journeyman GnCj of Ashenzari (D:10)
  A ghost crab (Swamp:2)
  An anaconda (Lair:3)
  The ghost of Jaydwuh the Fighter, a novice MiBe of Trog (Lair:1)
  A centaur warrior (D:13)
  5 two-headed ogres
  2 tengu warriors
  2 boulder beetles
  4 alligators
  A death yak (D:9)
  2 thrashing horrors (Abyss:3)
  Urug (Lair:1)
  A naga sharpshooter (Snake:1)
  Nergalle (D:11)
  Amaemon (Lair:1)
  4 skysharks
  Sonja (Lair:3)
  A death drake (Gauntlet)
  A wretched star (Abyss:3)
  2 deep trolls (D:15)
  A spectral hydra (Lair:1)
  10 goliath frogs
  4 bog bodies
  A swamp dragon (Swamp:1)
  2 lindwurms
  2 orc knights (Orc:2)
  2 wizards
  3 deep elf pyromancers
  A salamander (Lair:3)
  2 manticores
  2 orc sorcerers (Orc:2)
  6 ugly things
  9 cyclopes
  3 will-o-the-wisps
  6 black mambas
  5 elephants
  2 smoke demons (Abyss:3)
  2 spectral centaurs (Gauntlet)
  An orange demon (Lair:1)
  22 cane toads
  An unseen horror (D:12)
  8 komodo dragons
  2 efreet
  A rime drake (Lair:2)
  A spectral harpy (Gauntlet)
  A tengu conjurer (D:13)
  An ancient zyme (Abyss:3)
  3 polar bears
  6 trolls
  A troll (shapeshifter) (D:15)
  Grinder (D:5)
  7 tyrant leeches
  25 blink frogs
  6 hornets
  A spectral elephant (Lair:1)
  A spectral black mamba (Lair:1)
  5 flying skulls (Abyss:3)
  7 slime creatures
  4 shadows
  2 wraiths
  A vampire (Abyss:3)
  37 yaks
  6 spriggans
  4 wyverns
  5 large abominations (Abyss:3)
  2 basilisks
  2 hogs (D:15)
  2 steam dragons (D:8)
  21 vampire mosquitoes
  Grum (D:11)
  A human (shapeshifter) (D:15)
  A neqoxec (Abyss:3)
  A naga (Snake:1)
  13 swamp worms
  2 wargs (Orc:1)
  A hydra simulacrum (Lair:1)
  2 acid dragons (D:10)
  A spectral hornet (Gauntlet)
  14 water moccasins
  2 black bears (D:9)
  2 ice beasts
  A sky beast (D:7)
  A swamp drake (Swamp:1)
  18 orc warriors
  A black mamba simulacrum (Lair:1)
  3 small abominations (Abyss:3)
  2 ogres
  A boggart (D:10)
  9 centaurs
  23 wolves
  A phantom (D:6)
  16 bullfrogs
  A kobold brigand (D:8)
  An elf zombie (Ossuary)
  4 gnoll sergeants
  3 scorpions
  2 necrophages (D:6)
  A cane toad simulacrum (Lair:1)
  9 wights
  A hornet simulacrum (D:11)
  13 killer bees
  2 lava snakes (Lair:3)
  A howler monkey (D:11)
  5 hounds
  A jelly (D:6)
  A gnoll bouda (D:6)
  11 orc priests
  4 iguanas
  19 orc wizards
  2 mummies (Ossuary)
  20 gnolls
  9 adders
  2 shadow imps
  2 white imps
  2 worms
  4 dart slugs
  85 orcs
  7 endoplasms
  5 giant cockroaches
  A gnoll zombie (Ossuary)
  7 goblins
  9 hobgoblins
  6 jackals
  18 kobolds
  3 quokkas
  7 ball pythons
  5 bats
  4 frilled lizards
  4 goblin zombies (Ossuary)
  5 hobgoblin zombies (Ossuary)
  3 orc zombies (Ossuary)
  5 rats
  A spectral orc (D:11)
727 creatures vanquished.

Vanquished Creatures (others)
  A wizard (D:15)
  A large abomination (Abyss:3)
  2 bloated husks (Swamp:1)
  A goblin (D:4)
  12 foxfires
17 creatures vanquished.

Grand Total: 744 creatures vanquished

Notes
Turn   | Place    | Note
-------+----------+-------------------------------------------
     0 | D:1      | Lugonue the Tengu Fighter began the quest for the Orb.
     0 | D:1      | Reached XP level 1. HP: 14/14 MP: 2/2
   168 | D:1      | Reached XP level 2. HP: 16/19 MP: 3/3
   528 | D:1      | Reached XP level 3. HP: 23/23 MP: 4/4
   641 | D:1      | Found a faded altar of an unknown god.
  1291 | D:2      | Found an opulent altar of Gozag.
  1309 | D:2      | Became a worshipper of Gozag Ym Sagoz the Greedy
  1383 | D:2      | Noticed a scorpion
  1395 | D:2      | Killed a scorpion
  1396 | D:2      | Reached XP level 4. HP: 9/29 MP: 5/5
  1419 | D:2      | Gained mutation: Your magical nature lets you fly swiftly
                  | and evasively. [Tengu growth]
  1419 | D:2      | Reached XP level 5. HP: 13/33 MP: 6/6
  1878 | D:2      | Identified the +1 robe of Clean Lucidity {Dex+2}
  1915 | D:2      | Found Uquedilo's General Store.
  1923 | D:2      | Bought a potion of curing for 39 gold pieces
  2098 | D:2      | Found Boemug's General Store.
  2403 | D:3      | Reached skill level 1 in Dodging
  2888 | D:3      | Identified the ring "Iseucap" {rC+ rN+ rCorr Str-5 Dex+4}
  2994 | D:3      | Reached XP level 6. HP: 25/38 MP: 7/7
  3397 | D:3      | Found a glowing golden altar of the Shining One.
  3397 | D:3      | Found a glowing silver altar of Zin.
  3399 | D:3      | Found a white marble altar of Elyvilon.
  3923 | D:4      | Identified the ring "Cisuechi" {Will+ EV+4 Stlth+}
  4186 | D:5      | Entered Level 5 of the Dungeon
  4284 | D:5      | Noticed Grinder
  4301 | D:5      | Killed Grinder
  4302 | D:5      | Reached skill level 4 in Fighting
  4302 | D:5      | Reached skill level 5 in Long Blades
  4302 | D:5      | Reached skill level 5 in Armour
  4302 | D:5      | Reached XP level 7. HP: 31/43 MP: 8/8
  4724 | D:5      | Found a staircase to the Ecumenical Temple.
  4741 | D:5      | Reached XP level 8. HP: 42/48 MP: 9/9
  5178 | D:2      | Bought the +9 falchion of the Grave {drain, rCorr} for 693
                  | gold pieces
  5599 | D:6      | Found a burning altar of Makhleb.
  6051 | D:7      | Reached skill level 5 in Fighting
  6051 | D:7      | Reached XP level 9. HP: 54/54 MP: 10/10
  6412 | D:7      | Reached skill level 5 in Shields
  6495 | D:7      | Found a blossoming altar of Fedhas.
  6495 | D:7      | Found a shimmering altar of Xom.
  6497 | D:7      | Found a sparkling altar of Nemelex Xobeh.
  6497 | D:7      | Found a hazy altar of Hepliaklqana.
  6604 | D:8      | Noticed a two-headed ogre
  6612 | D:8      | Killed a two-headed ogre
  6613 | D:8      | Reached skill level 10 in Long Blades
  6867 | D:8      | Reached XP level 10. HP: 50/60 MP: 11/11
  7436 | D:8      | Found a sand-covered staircase.
  7450 | Ossuary  | Entered an ossuary
  7767 | D:8      | Reached skill level 6 in Fighting
  7839 | D:9      | Noticed a death yak
  7956 | D:9      | Noticed a wizard
  7965 | D:9      | Killed a wizard
  7974 | D:9      | Reached skill level 5 in Dodging
  8056 | D:9      | Killed a death yak
  8152 | D:9      | Found a staircase to the Lair.
  8169 | D:9      | Noticed an elephant
  8182 | D:9      | Killed an elephant
  8221 | D:9      | Found an ancient bone altar of Kikubaaqudgha.
  8224 | D:9      | Found a shimmering blue altar of Sif Muna.
  8226 | D:9      | Found a radiant altar of Vehumet.
  8231 | D:9      | Got Sif Muna's Quarto of Dislocation
  8292 | D:9      | Bought the +2 pair of gloves of the Trout {rN+ Regen+
                  | Dex-3} for 271 gold pieces
  8292 | D:9      | Bought a potion of curing for 42 gold pieces
  8292 | D:9      | Bought a scroll of teleportation for 42 gold pieces
  8463 | Lair:1   | Entered Level 1 of the Lair of Beasts
  8525 | Lair:1   | Identified the +8 hand axe of Earthquakes {vorpal, +Blink}
  8715 | Lair:1   | Noticed Amaemon
  8729 | Lair:1   | Killed Amaemon
  8730 | Lair:1   | Reached XP level 11. HP: 66/66 MP: 12/12
  8900 | Lair:1   | Found a runed translucent gate.
  8901 | Lair:1   | Found a runed translucent gate.
  8902 | Lair:1   | Found a runed translucent gate.
  9081 | Lair:1   | Noticed Urug
  9228 | Lair:1   | Noticed Gastronok
  9262 | Lair:1   | Killed Urug
  9263 | Lair:1   | Reached skill level 7 in Fighting
  9263 | Lair:1   | Upgraded the game from 0.30-a0-137-gd8773701ce to
                  | 0.31-a0-66-ge618eeaa78
  9302 | Lair:1   | Killed Gastronok
  9362 | Lair:1   | Noticed Jaydwuh's ghost (novice MiBe)
  9647 | Lair:2   | Noticed a seven-headed hydra
  9789 | Lair:1   | Learned a level 3 spell: Dazzling Flash
 10149 | Lair:2   | Noticed a five-headed hydra
 10312 | Lair:1   | Killed Jaydwuh's ghost
 10313 | Lair:1   | Reached XP level 12. HP: 39/73 MP: 13/13
 10828 | D:9      | Found an iron altar of Okawaru.
 11030 | D:10     | Entered Level 10 of the Dungeon
 11049 | D:10     | Reached skill level 8 in Fighting
 11143 | D:10     | Found a runed translucent door.
 11143 | D:10     | Noticed sanka's ghost (journeyman GnCj)
 11183 | D:10     | Killed sanka's ghost
 11341 | D:10     | Found a large runed translucent door.
 11341 | D:10     | Noticed a two-headed ogre
 11342 | D:10     | Found a large runed translucent door.
 11348 | D:10     | Found a large runed translucent door.
 11348 | D:10     | Found a large runed translucent door.
 11608 | D:10     | Reached skill level 9 in Fighting
 11618 | D:10     | Noticed a two-headed ogre
 11622 | D:10     | Killed a two-headed ogre
 11629 | D:10     | Noticed a fire dragon
 11639 | D:10     | Killed a fire dragon
 11640 | D:10     | Reached skill level 10 in Dodging
 11875 | D:10     | Killed a two-headed ogre
 11924 | D:11     | Noticed Fannar
 11994 | D:11     | Noticed Nergalle
 12022 | D:11     | Killed Nergalle
 12044 | D:11     | Found a staircase to the Orcish Mines.
 12062 | D:11     | Reached skill level 10 in Fighting
 12693 | D:11     | Found a hazy altar of Hepliaklqana.
 12787 | D:11     | Noticed Grum
 12801 | D:11     | Killed Grum
 12802 | D:11     | Reached XP level 13. HP: 80/83 MP: 14/14
 13006 | D:12     | Reached skill level 11 in Fighting
 13257 | D:12     | Found a transporter.
 13260 | D:12     | Found a transporter.
 13857 | Lair:1   | Bought a +2 troll leather armour for 486 gold pieces
 14083 | Lair:2   | Reached skill level 10 in Armour
 14408 | Lair:2   | Reached skill level 12 in Fighting
 14774 | Lair:3   | Noticed Sonja
 14785 | Lair:3   | Killed Sonja
 14900 | Lair:3   | Found a staircase to the Swamp.
 14926 | Lair:3   | Reached skill level 1 in Conjurations
 14990 | Lair:3   | Identified the +5 hand axe of Ederacas {heavy, rF+ Str-5
                  | SInv}
 15030 | Lair:3   | Identified the staff of fire "Jeucwin" {Contam rElec rPois
                  | rF+ Int+3}
 15260 | Lair:3   | Found a staircase to the Snake Pit.
 15304 | Snake:1  | Entered Level 1 of the Snake Pit
 15338 | Snake:1  | Noticed Mlioglotl
 15903 | Lair:4   | Reached skill level 13 in Fighting
 15928 | Lair:4   | Reached XP level 14. HP: 94/94 MP: 15/15
 16042 | Lair:4   | Found a viscous altar of Jiyva.
 16042 | Lair:4   | Found a staircase to the Slime Pits.
 16162 | Lair:4   | Reached skill level 15 in Dodging
 16565 | Lair:5   | Entered Level 5 of the Lair of Beasts
 16640 | Lair:4   | Reached skill level 5 in Conjurations
 16909 | Lair:5   | Found the +8 longbow "Zephyr" {speed, Dex+3 SInv}
 17031 | Lair:5   | Reached skill level 14 in Fighting
 17669 | Lair:5   | Reached skill level 15 in Fighting
 18291 | Orc:1    | Entered Level 1 of the Orcish Mines
 18321 | Orc:1    | Noticed an orc warlord
 18359 | Orc:1    | Killed an orc warlord
 18542 | Orc:1    | Reached XP level 15. HP: 103/103 MP: 17/17
 18812 | Orc:2    | Entered Level 2 of the Orcish Mines
 18841 | Orc:2    | Reached skill level 1 in Spellcasting
 18849 | Orc:2    | Found Xugoto's Antique Armour Shop.
 19124 | Orc:2    | Reached skill level 10 in Conjurations
 19274 | Orc:2    | Found Jephomyl's Antique Weapon Shoppe.
 19287 | Orc:2    | Learned a level 4 spell: Sticky Flame
 19303 | Orc:2    | Found a staircase to the Elven Halls.
 19900 | Orc:2    | Found Wuhiaki's Jewellery Boutique.
 19908 | Orc:2    | Bought the ring "Ovyllahi" {rPois rN++} for 675 gold pieces
 19908 | Orc:2    | Bought the ring "Jousiny" {Str+6 Int+6 SInv} for 1076 gold
                  | pieces
 20008 | Orc:2    | Found Fiutuh's General Store.
 20080 | Orc:2    | Bought a potion of curing for 45 gold pieces
 20498 | Snake:1  | Noticed a deep elf elementalist
 20500 | Snake:1  | Noticed a tentacled starspawn
 20566 | Swamp:1  | Entered Level 1 of the Swamp
 20931 | D:13     | You are sucked into a shaft and drop 2 floors!
 20931 | D:15     | Entered Level 15 of the Dungeon
 21039 | D:15     | Found a staircase to the Depths.
 21126 | D:15     | Identified the +4 war axe "Kielu" {antimagic, Str+3 Int+2}
 21218 | D:15     | Identified the +6 sling of Meager Optimality {freeze, rPois
                  | Int-4 Dex+5}
 21229 | D:15     | Noticed Kirke
 21249 | D:15     | Killed Kirke
 21250 | D:15     | Reached skill level 16 in Fighting
 21749 | D:14     | Found a gate leading to a gauntlet.
 21758 | Gauntlet | Entered a Gauntlet
 21758 | Gauntlet | Found a transporter.
 21758 | Gauntlet | Found a transporter.
 21758 | Gauntlet | Found a transporter.
 21777 | Gauntlet | Found a transporter.
 21788 | Gauntlet | Found a transporter.
 21788 | Gauntlet | Found a transporter.
 21790 | Gauntlet | Found a transporter.
 21790 | Gauntlet | Found a transporter.
 21793 | Gauntlet | Found a transporter.
 21793 | Gauntlet | Found a transporter.
 21815 | Gauntlet | Found a transporter.
 21816 | Gauntlet | Found a transporter.
 21952 | Gauntlet | Identified the +0 scale mail of the Bard {rElec Int-5 Dex+4
                  | Slay+3}
 22070 | Gauntlet | Identified the ring "Raklereu" {+Blink rF- Will+ Str+8
                  | Dex-2}
 22162 | Gauntlet | Identified the +6 great sword of Defence {freeze, *Corrode
                  | Fragile Str+9 Stlth+}
 22194 | Gauntlet | Identified the +1 ring mail of Koastra {*Corrode Str+8}
 22292 | D:13     | Killed Fannar
 22301 | D:13     | Found a bloodstained altar of Trog.
 22346 | D:13     | Found a runed translucent gate.
 22347 | D:13     | Found a runed translucent gate.
 22354 | D:13     | Noticed qborf's ghost (journeyman DEFE)
 22358 | D:13     | Found a runed translucent gate.
 22912 | Swamp:1  | Noticed a tentacled monstrosity
 22939 | Swamp:1  | Killed a tentacled monstrosity
 22974 | Swamp:1  | Reached XP level 16. HP: 47/111 MP: 22/24
 23055 | Swamp:1  | Reached skill level 5 in Spellcasting
 23677 | Swamp:1  | Reached skill level 17 in Fighting
 23870 | Swamp:1  | Reached skill level 5 in Evocations
 23870 | Swamp:1  | Reached XP level 17. HP: 97/117 MP: 10/26
 24585 | Swamp:2  | Reached skill level 1 in Fire Magic
 24918 | Swamp:3  | Noticed Jorgrun
 24971 | Swamp:3  | Killed Jorgrun
 25007 | Swamp:3  | Noticed Bai Suzhen
 25028 | Swamp:3  | Noticed Louise
 25054 | Abyss:3  | Cast into level 3 of the Abyss (Louise)
 25419 | Abyss:3  | Noticed a tentacled starspawn
 25423 | Abyss:3  | Killed a tentacled starspawn
 25483 | Swamp:3  | Escaped the Abyss
 25483 | Swamp:3  | HP: 5/119 [Louise/+1 morningstar of distortion (11)]
 25488 | Swamp:3  | HP: 4/119 [barbs]
 25732 | Swamp:2  | Engulfed by Bai Suzhen's thunder

Illustrated notes

Levels and vault maps discovered:
D:1:      psy_arrival_statuary, layout_rooms,
          shapermc_ecumenical_altar_acropolis
D:2:      minmay_wonky_spiral, layout_basic, serial_shops, shop_fountains, shop,
          basic_altar, st_stairs_10
D:3:      layout_loops_ring, good_gods_temple_1
D:4:      layout_loops_cross
D:5:      layout_cave_pools, temple_fountains, uniq_grinder
D:6:      layout_rooms, bloody_makhleb
D:7:      layout_loops_corners, mainiacjoe_overflow_alcove_3
D:8:      layout_basic, nicolae_ossuary_entry_ruins
D:9:      layout_gridville, grunt_temple_overflow_magic_moments,
          okawaru_altar_gauntlet_db, david_lair_generic, minivault_11
D:10:     layout_rooms, hellmonk_ghost_happy_afterlife,
          minmay_hollow_rounded_squares
D:11:     layout_stronghold, david_orc_2,
          nicolae_hepliaklqana_monster_ancestors, uniq_grum, uniq_fannar,
          uniq_nergalle
D:12:     gammafunk_boulding_lane, layout_layer_cave, corexii_hall_statues_x
D:13:     layout_irregular_city, gammafunk_ghost_fury_of_okawaru, serial_rivers,
          chequers_serial_rivers_micro_b, chequers_serial_rivers_micro_e,
          chequers_serial_rivers_room_a, chequers_serial_rivers_room_b,
          serial_shops, nicolae_shop_window_shopping, trog_ov_bears_minmay
D:14:     layout_small_grid, david_vaults_1, gauntlet_entry_generic,
          chequers_serial_rivers_micro_a
D:15:     hangedman_depths_entry_civil_slaughter, layout_small_grid,
          nicolae_kite_square_tiling_tiny, uniq_kirke
Lair:1:   layout_loops_ring, gammafunk_ghost_necromancy, serial_bayou_lagoon_a,
          uniq_amaemon, uniq_gastronok, uniq_urug
Lair:2:   layout_cave_pods, grunt_megastairs_2
Lair:3:   layout_chaotic_city, minmay_swamp_entry_reptiles,
          nicolae_snake_entry_warm_welcome, uniq_sonja
Lair:4:   layout_hall_layers, slime_entry_1, beast_lair_carwin_6,
          grunt_megastairs_4, serial_bayou_shore_b
Lair:5:   minmay_lair_end_frog_pond, layout_gridlike
Swamp:1:  nicolae_swamp_tree_isthmus, layout_falls_marsh,
          nicolae_swamp_long_stream, swamp_pool4,
          nicolae_swamp_feature_on_the_river_bank, infiniplex_staircase_pool_2
Swamp:2:  layout_basic_swamp, evilmike_swamp_ruin_house_5,
          nicolae_swamp_some_circles
Swamp:3:  nicolae_swamp_ascending_descending, layout_basic_swamp,
          infiniplex_staircase_pool, swamp_pool3, uniq_louise, uniq_jorgrun,
          uniq_bai_suzhen
Snake:1:  layout_gridlike, uniq_mlioglotl, uniq_aizul
Orc:1:    layout_caves
Orc:2:    grunt_orc_gardens, layout_diamond_mine, grunt_orc_garden,
          grunt_orc_garden, grunt_orc_garden, grunt_orc_garden

Skill      XL: |  1  2  3  4  5  6  7  8  9 10 11 12 13 14 15 16 17 |
---------------+----------------------------------------------------+-----
Long Blades    | 3 4 5 6 8 10 12 13 14 | 14.0
Armour         | 4 5 6 7 8 9 10 | 10.0
Dodging        | 1 2 3 4 5 7 11 14 15 | 15.2
Fighting       | 4 5 6 7 10 13 15 16 17 | 17.9
Shields        | 4 5 6 7 8 |  8.0
Conjurations   | 4 9 12 13 14 | 14.3
Spellcasting   | 4 5 6 |  6.1
Evocations     | 5 |  5.3
Fire Magic     | 1 |  1.9

Action                     |  1- 3 |  4- 6 |  7- 9 | 10-12 | 13-15 | 16-18 || total
---------------------------+-------+-------+-------+-------+-------+-------++-------
  Melee: Long sword        |    98 |   132 |    63 |    52 |       |       ||   345
         Kick              |    18 |    38 |    53 |   211 |   574 |   174 ||  1068
         Peck              |    10 |    22 |    33 |   158 |   343 |   111 ||   677
         Falchion          |       |       |   132 |   310 |  1026 |       ||  1468
         Scimitar          |       |       |       |   343 |   430 |   440 ||  1213
  Throw: Throwing net      |       |       |       |       |     1 |       ||     1
   Cast: Dazzling Flash    |       |       |       |       |    54 |    15 ||    69
         Sticky Flame      |       |       |       |       |     6 |    12 ||    18
 Invoke: Call Merchant     |       |       |       |     1 |     2 |       ||     3
  Evoke: Wand              |       |       |     2 |    16 |    12 |     9 ||    39
         Lightning rod     |       |       |       |       |       |     2 ||     2
    Use: Potion            |     1 |     1 |       |     3 |    15 |    11 ||    31
         Scroll            |       |     1 |     9 |    12 |    15 |     7 ||    44
   Stab: Distracted        |       |       |     2 |     2 |     7 |       ||    11
         Sleeping          |       |       |     1 |     4 |     2 |       ||     7
         Invisible         |       |       |       |     2 |    26 |     5 ||    33
 Armour: Scale mail        |    30 |       |       |    26 |   124 |   131 ||   311
         Ring mail         |    17 |    37 |    32 |    92 |       |       ||   178
         Troll leather arm |       |       |       |       |   160 |       ||   160
  Dodge: Dodged            |    40 |    76 |   117 |   349 |   940 |   273 ||  1795
  Block: Buckler           |    23 |    30 |    24 |   276 |   718 |   191 ||  1262
         Reflection        |       |       |       |     9 |    25 |     8 ||    42

Table legend: (Time is in decaauts)
 A = Elapsed time spent in this place.
 B = Non-inter-level travel time spent in this place.
 C = Inter-level travel time spent in this place.
 D = Time resting spent in this place.
 E = Time spent auto-exploring this place.
 F = Levels seen in this place.
 G = Mean time per level.
                   A        B        C        D        E       F      G
               +--------+--------+--------+--------+--------+-----+--------+
         Total |  23443 |  21812 |   1631 |    632 |  13534 |  29 |  808.4 |
       Dungeon |  11950 |  11050 |    900 |    118 |   7688 |  15 |  796.7 |
          Lair |   6044 |   5437 |    607 |     75 |   3238 |   5 | 1208.8 |
         Swamp |   2564 |   2490 |     74 |    333 |   1156 |   3 |  854.7 |
     Snake Pit |     69 |     69 |      0 |      0 |      8 |   1 |   69.0 |
  Orcish Mines |   1797 |   1748 |     49 |      0 |   1296 |   2 |  898.5 |
         Abyss |    373 |    373 |      0 |     12 |     35 |   1 |  373.0 |
       Ossuary |    204 |    204 |      0 |      0 |    102 |   1 |  204.0 |
      Gauntlet |    439 |    439 |      0 |     94 |      9 |   1 |  439.0 |
               +--------+--------+--------+--------+--------+-----+--------+

Top non-repeatable levels by time:
  Lair:1: 1959 daAuts
     D:2: 1415 daAuts
 Swamp:1: 1397 daAuts
  Lair:5: 1237 daAuts
   Orc:2: 1150 daAuts
     D:9: 1089 daAuts
     D:3: 1084 daAuts
    D:11: 1015 daAuts
  Lair:3: 1001 daAuts
     D:8: 955 daAuts
  Lair:2: 949 daAuts
 Swamp:2: 932 daAuts
     D:1: 910 daAuts
  Lair:4: 896 daAuts
     D:7: 890 daAuts
